 Dungeon Crawl Stone Soup version 0.29.1-13-g9f3cf754e1 (webtiles) character file.

Game seed: 2426004475970575400

23885 croobank the Nimble (level 13, -8/86 HPs)
             Began as an Octopode Transmuter on Jan 28, 2023.
             Was an Initiate of Gozag.
             Hit by a large rock thrown by a stone giant (43 damage)
             ... in a volcano on Jan 29, 2023.
             The game lasted 01:19:36 (17810 turns).

croobank the Nimble (Octopode Transmuter)          Turns: 17810, Time: 01:19:37

Health: -8/86      AC:  5    Str: 10    XL:     13   Next: 9%
Magic:  23/23      EV: 17    Int: 25    God:    Gozag
Gold:   381        SH: 10    Dex: 13    Spells: 9/25 levels left

rFire   + + .      SeeInvis +     - Unarmed
rCold   . . .      Faith    .   a - +0 kite shield
rNeg    . . .      Spirit   .   (helmet currently unavailable)
rPois   .          Reflect  .   C - amulet of No Interval {Acrobat Harm Fly rF++ Will+}
rElec   .          Harm     +   g - +4 ring of protection
rCorr   .          Rampage  .   l - ring of flight
Will    +....                   E - +6 ring of intelligence
Stlth   ++........              K - ring of see invisible
HPRegen 0.24/turn               (no ring)
MPRegen 0.18/turn               (no ring)
                                (no ring)
                                (no ring)

@: appendages, wereblooded, gold aura, flying, studying 2 skills, invisible
A: tentacle spike 3, almost no armour, amphibious, 8 rings, camouflage 1,
gelatinous body 1, (nimble swimmer 1), tentacles
a: End Transformation, Renounce Religion, Potion Petition, Call Merchant, Bribe
Branch


You were in a volcano.
You worshipped Gozag.
Gozag was aware of your devotion.
One of your tentacles had grown a beastly spike.
You visited 3 branches of the dungeon, and saw 13 of its levels.
You also visited: Sewer, Ossuary and Volcano.

You collected 3126 gold pieces.
You spent 1772 gold pieces at shops.
You paid 973 gold pieces to Gozag.

Inventory:

Hand Weapons
 b - a +0 sling
 k - a +4 scimitar of flaming
 o - a +2 short sword of speed
 p - a +0 war axe of venom
 u - a +2 mace of holy wrath
 v - a +2 dagger of protection
 w - a +0 dagger of venom
Missiles
 e - 9 silver javelins (quivered)
 i - 6 boomerangs
 q - 12 poisoned darts
 x - a throwing net
 G - 3 silver boomerangs
Armour
 a - a +0 kite shield (worn)
 r - a +1 tower shield of positive energy
Jewellery
 g - a +4 ring of protection (left tentacle)
 l - a ring of flight (right tentacle)
 C - the amulet of No Interval (around mantle) {Acrobat Harm Fly rF++ Will+}
   (You bought it in a shop on level 1 of the Lair of Beasts)

   [amulet of the acrobat]

   It increases your evasion while moving and waiting.
   rF:        It greatly protects you from fire.
   Fly:       It grants you flight.
   Harm:      It increases damage dealt and taken.
   Will:      It increases your willpower.
 E - a +6 ring of intelligence (on tentacle)
 K - a ring of see invisible (on tentacle)
Wands
 y - a wand of polymorph (22)
 A - a wand of flame (5)
Scrolls
 d - 3 scrolls of enchant armour
 f - 2 scrolls of immolation
 m - a scroll of identify
 t - 2 scrolls of poison
 D - a scroll of blinking
 F - a scroll of vulnerability
Potions
 c - 2 potions of magic
 h - 4 potions of curing
 j - 3 potions of resistance
 n - 4 potions of mutation
 s - 2 potions of invisibility
 z - a potion of might
 B - 2 potions of heal wounds
 H - 2 potions of brilliance
 M - a potion of attraction


   Skills:
 + Level 7.1 Fighting
 + Level 4.4 Long Blades
 + Level 11.8 Dodging
 + Level 6.6 Shields
 + Level 7.8 Unarmed Combat
 + Level 6.6 Spellcasting
 * Level 2.2 Translocations
 - Level 7.1 Transmutations
 - Level 7.0 Ice Magic
 - Level 6.0 Poison Magic
 - Level 5.1 Invocations


You had 9 spell levels left.
You knew the following spells:

 Your Spells              Type           Power      Damage    Failure   Level
a - Beastly Appendage     Tmut           86%        N/A       1%          1
b - Wereblood             Tmut           43%        N/A       1%          2
c - Spider Form           Tmut/Pois      41%        N/A       3%          3
d - Ice Form              Ice/Tmut       43%        N/A       10%         4
e - Olgreb's Toxic Radia  Pois           38%        N/A       16%         4
f - Blink                 Tloc           38%        N/A       11%         2

Your spell library contained the following spells:

 Spells                   Type           Power      Damage    Failure   Level
 Lesser Beckoning         Tloc           19%        N/A       22%         3
 Portal Projectile        Hex/Tloc       26%        N/A       34%         3
 Call Canine Familiar     Summ           8%         N/A       47%         3
 Leda's Liquefaction      Hex/Erth       4%         N/A       87%         4
 Manifold Assault         Tloc           19%        N/A       90%         5
 Ozocubu's Refrigeration  Ice            21%        4d12      100%        7
 Ignition                 Fire           4%         3d4       100%        8


Dungeon Overview and Level Annotations

Branches:
Dungeon (11/15)            Temple (1/1) D:4            Lair (1/5) D:10
    Orc (0/2) D:9           Sewer (visited)         Ossuary (visited)
Volcano (1/1)

Altars:
Ashenzari
Cheibriados
Dithmenos
Elyvilon
Fedhas
Gozag
Hepliaklqana
Kikubaaqudgha
Makhleb
Nemelex Xobeh
Okawaru
Qazlal
Ru
Sif Muna
Trog
Uskayaw
Vehumet
Wu Jian
Xom
Yredelemnul
Zin
The Shining One

Shops:
D:5 **   D:8 :   D:10 *   Lair:1 =

Annotations:
D:3 3 runed translucent doors, LustLizard's ghost, amateur MfGl
D:6 2 transporters, Thatpatchoflichen's ghost, amateur KoHu
D:8 Maggie


Innate Abilities, Weirdness & Mutations

One of your tentacles has grown a beastly spike.
You cannot wear most types of armour.
You are amphibious.
You can wear up to eight rings at the same time.
Your skin changes colour to match your surroundings (Stealth+).
Your rubbery body absorbs attacks. (AC +1, EV +1)
((You are camouflaged when in or above water. (Stealth+)))
You have tentacles for arms and can constrict up to eight enemies at once.


Message History

The fire elemental completely misses you.
The fire elemental misses you. You block the fire elemental's attack.
Okay, then.
Saving game... please wait.
Welcome back, croobank the Octopode Transmuter.
Gozag says: Greed is good.
Press ? for a list of commands and other information.
You fade into invisibility!
The fire elemental hits you. The fire elemental burns you! You resist.
The stone giant throws a large rock.
The large rock hits the fire elemental!!
You block the fire elemental's attack.
The stone giant is engulfed in blazing flames.
The stone giant throws a large rock.
You see here 11 gold pieces.
As you open the door, it creaks loudly!
The stone giant is engulfed in blazing flames.
The stone giant throws a large rock.
The large rock hits the fire elemental!!
Found seven items.
What are your orders? t - Howl!
Orders for allies: a - Attack new target. r - Retreat! s - Stop attacking. g - Guard the area. f - Follow me.
Anything else - Cancel.
Gang up on whom?
Press: ? - help, Dir - move target, f - stone giant
Aim: a stone giant, quivering large rocks (flame, lightly wounded, unable to see you)
Okay, then.
You bludgeon the fire elemental!
You feel a bit better.
You destroy the fire elemental!
The stone giant is engulfed in blazing flames.
The stone giant throws a large rock.
The large rock closely misses the fire elemental.
The large rock hits you!!!
Ouch! That really hurt!
You die...
Your body crumbles into a pile of gold.

##....≈§..#...#
##.....###8.8#
##...## ##.##
#...# #.# #####
##'## ### $
##...## $.#
#..∩..## _.#
#..###..## ..
#..# ##@.##.#
#..##!(['#E☼#.##
...##!$#[)##○°..#
... # #8####C°..#
.. .....○☼☼...#
....○☼☼E..###
############


You could see a stone giant (unable to see you) and a fire elemental (wandering,
unable to see you).

Vanquished Creatures
  A boulder beetle (D:10)
  An elephant (D:10)
  An efreet (Volcano)
  A freezing wraith (D:9)
  Psyche (D:10)
  A burning bush (Lair:1)
  Sigmund (D:6)
  18 yaks
  3 wyverns
  A wraith (D:9)
  Eustachio (D:6)
  6 fire bats (Volcano)
  3 basilisks
  3 fire elementals (Volcano)
  4 vampire mosquitoes (D:10)
  3 steam dragons
  Menkaure (D:6)
  An acid dragon (D:9)
  2 water moccasins
  2 ice beasts (D:6)
  A swamp drake (D:9)
  A black bear (D:6)
  6 orc warriors
  An ogre (D:7)
  3 centaurs
  3 kobold brigands (Sewer)
  4 bullfrogs
  An earth elemental (Volcano)
  4 necrophages
  3 scorpions
  4 gnoll sergeants
  2 water moccasin zombies (Ossuary)
  13 wights
  15 killer bees
  7 howler monkeys
  4 lava snakes (Volcano)
  3 centaur zombies (Ossuary)
  2 bullfrog zombies (Ossuary)
  3 hounds
  3 jellies
  A gnoll bouda (D:10)
  13 orc priests
  A human zombie (Ossuary)
  4 iguanas
  11 orc wizards
  Natasha (twice) (D:4)
  Robin (D:4)
  9 gnolls
  9 adders
  A shadow imp (D:6)
  A white imp (D:7)
  An ufetubus (D:5)
  4 adder zombies (Ossuary)
  2 dart slugs (D:3)
  37 orcs
  10 ball pythons
  5 bats
  6 endoplasms
  7 giant cockroaches
  20 goblins
  8 hobgoblins
  9 jackals
  11 kobolds
  3 quokkas
  3 frilled lizards
  A giant cockroach zombie (D:3)
  3 gnoll zombies (Ossuary)
  5 goblin zombies (Ossuary)
  A hobgoblin zombie (Ossuary)
  4 orc zombies (Ossuary)
  A quokka zombie (D:3)
  8 rats
340 creatures vanquished.

Vanquished Creatures (others)
  9 plants (D:4)
9 creatures vanquished.

Grand Total: 349 creatures vanquished

Notes
Turn   | Place    | Note
-------+----------+-------------------------------------------
     0 | D:1      | croobank the Octopode Transmuter began the quest for the
                  | Orb.
     0 | D:1      | Reached XP level 1. HP: 13/13 MP: 3/3
   244 | D:1      | Reached XP level 2. HP: 16/18 MP: 3/5
   368 | D:1      | Learned a level 2 spell: Wereblood
   621 | D:1      | Found a faded altar of an unknown god.
  1279 | D:2      | Reached XP level 3. HP: 18/23 MP: 2/6
  1748 | D:2      | Reached XP level 4. HP: 28/29 MP: 4/7
  2425 | D:3      | Learned a level 3 spell: Spider Form
  2658 | D:3      | Found a runed translucent gate.
  2658 | D:3      | Found a runed translucent gate.
  2658 | D:3      | Found a runed translucent gate.
  2658 | D:3      | Noticed LustLizard's ghost (amateur MfGl)
  2662 | D:3      | Found a basalt altar of Yredelemnul.
  2769 | D:3      | Found a shadowy altar of Dithmenos.
  2959 | D:3      | HP: 1/29 [orc priest/+0 dagger (4)]
  2961 | D:3      | Reached XP level 5. HP: 5/34 MP: 4/9
  3618 | D:3      | Reached skill level 3 in Dodging
  3943 | D:4      | Reached XP level 6. HP: 29/41 MP: 7/10
  4151 | D:4      | Found a staircase to the Ecumenical Temple.
  4169 | Temple   | Entered the Ecumenical Temple
  4253 | D:4      | Noticed Natasha
  4257 | D:4      | Killed Natasha
  4261 | D:4      | Reached skill level 1 in Poison Magic
  4400 | D:4      | Reached XP level 7. HP: 46/46 MP: 9/12
  4540 | D:4      | Found a glowing drain.
  4560 | Sewer    | Entered a sewer
  5055 | D:4      | Noticed Natasha
  5062 | D:4      | Killed Natasha
  5094 | D:4      | Reached skill level 4 in Dodging
  5094 | D:4      | Reached XP level 8. HP: 52/52 MP: 10/13
  5289 | D:4      | Noticed Robin
  5302 | D:4      | Killed Robin
  5309 | D:4      | Found a burning altar of Makhleb.
  5326 | D:4      | Found a broken altar of Ashenzari.
  5328 | D:4      | Found a sparkling altar of Nemelex Xobeh.
  5328 | D:4      | Found a shimmering altar of Xom.
  5328 | D:4      | Found a stormy altar of Qazlal.
  5328 | D:4      | Found a radiant altar of Vehumet.
  5554 | D:5      | Entered Level 5 of the Dungeon
  5554 | D:5      | Found Ledufra's Assorted Antiques.
  5588 | D:5      | Bought a scroll labelled XEUREPH LEHYTUPH for 32 gold
                  | pieces
  5588 | D:5      | Bought a scroll labelled BIOXZEA VEBBA for 32 gold pieces
  5588 | D:5      | Bought a scroll labelled ICZOMU ECEDYEM for 32 gold pieces
  5588 | D:5      | Bought a scroll labelled VYPRIH ZALO for 32 gold pieces
  5768 | D:5      | Identified the +13 chain mail of the Centipede {Int+2}
  6036 | D:5      | Found an opulent altar of Gozag.
  6039 | D:5      | Found Gozag's Platinum Reserve.
  6043 | D:5      | Became a worshipper of Gozag Ym Sagoz the Greedy
  6085 | D:5      | Reached skill level 5 in Unarmed Combat
  6532 | D:6      | Noticed Menkaure
  6536 | D:6      | Reached skill level 5 in Poison Magic
  6540 | D:6      | Killed Menkaure
  6569 | D:6      | Found a sand-covered staircase.
  6586 | Ossuary  | Entered an ossuary
  6887 | Ossuary  | Reached XP level 9. HP: 37/59 MP: 15/15
  7097 | Ossuary  | Noticed a silent spectre
  7193 | D:6      | Learned a level 4 spell: Ice Form
  7280 | D:6      | Reached skill level 5 in Transmutations
  7285 | D:6      | Reached skill level 5 in Dodging
  7285 | D:6      | Reached skill level 1 in Ice Magic
  7336 | D:6      | Noticed a hornet
  7337 | D:6      | Found a transporter.
  7337 | D:6      | Noticed Thatpatchoflichen's ghost (amateur KoHu)
  7342 | D:6      | Found a transporter.
  7560 | D:6      | Noticed Sigmund
  7566 | D:6      | Killed Sigmund
  7716 | D:6      | Found an ancient bone altar of Kikubaaqudgha.
  8009 | D:6      | Noticed Eustachio
  8022 | D:6      | Killed Eustachio
  8023 | D:6      | Reached skill level 5 in Fighting
  8026 | D:6      | Found a blossoming altar of Fedhas.
  8369 | D:7      | Reached skill level 5 in Spellcasting
  8919 | D:7      | Found a shimmering blue altar of Sif Muna.
  9004 | D:7      | Found a hazy altar of Hepliaklqana.
  9481 | D:7      | Reached XP level 10. HP: 28/66 MP: 10/17
 10517 | D:8      | Reached skill level 6 in Dodging
 10685 | D:8      | You are sucked into a shaft and drop 1 floor!
 11297 | D:8      | Found Vaywuach's Vocational Training.
 11303 | D:8      | Bought a manual of Invocations for 960 gold pieces
 11395 | D:8      | Noticed Maggie
 11449 | D:8      | Reached skill level 5 in Ice Magic
 11466 | D:8      | Reached skill level 1 in Invocations
 12238 | D:9      | Noticed Joseph
 12240 | D:9      | Noticed Joseph
 12240 | D:9      | Joseph changed into Joseph the acid dragon
 12258 | D:9      | HP: 3/68 [Joseph the acid dragon/splash of acid (5)]
 12968 | D:9      | Found a staircase to the Orcish Mines.
 13160 | D:9      | Killed Joseph the acid dragon
 13161 | D:9      | Reached skill level 7 in Dodging
 13352 | D:9      | Reached XP level 11. HP: 31/73 MP: 16/20
 13993 | D:9      | HP: 1/74 [freezing wraith (22)]
 14016 | D:10     | Entered Level 10 of the Dungeon
 14693 | D:10     | Noticed Psyche
 14704 | D:10     | Killed Psyche
 14806 | D:10     | Noticed a boulder beetle
 14821 | D:10     | Reached skill level 1 in Shields
 15595 | D:10     | Found a white marble altar of Elyvilon.
 16088 | D:10     | Learned a level 4 spell: Olgreb's Toxic Radiance
 16091 | D:10     | Learned a level 2 spell: Blink
 16092 | D:10     | Found a staircase to the Lair.
 16102 | D:10     | Reached skill level 8 in Dodging
 16107 | D:10     | Reached skill level 5 in Invocations
 16491 | D:10     | Found Zin's Purification Station.
 16494 | D:10     | Found a glowing silver altar of Zin.
 16536 | D:10     | Reached skill level 1 in Long Blades
 16842 | D:10     | Killed a boulder beetle
 17125 | Lair:1   | Entered Level 1 of the Lair of Beasts
 17190 | Lair:1   | Bought the amulet of No Interval {Acrobat Harm Fly rF++
                  | Will+} for 684 gold pieces
 17282 | Lair:1   | Found a dark tunnel.
 17290 | Volcano  | Entered a volcano
 17339 | Volcano  | Reached skill level 1 in Translocations
 17361 | Volcano  | Reached XP level 12. HP: 69/81 MP: 21/21
 17515 | Volcano  | Reached skill level 11 in Dodging
 17515 | Volcano  | Reached XP level 13. HP: 61/86 MP: 22/22
 17792 | Volcano  | Found a radiant altar of Vehumet.
 17799 | Volcano  | Noticed a stone giant
 17810 | Volcano  | Hit by a large rock thrown by a stone giant

Illustrated notes

Levels and vault maps discovered:
D:1:      evilmike_arrival_plus, layout_basic, chequers_ecumenical_altar_lobes
D:2:      layout_basic, minmay_pentomino_u2
D:3:      layout_loops_corners, nicolae_yredelemnul_ghost_church,
          grunt_dithmenos_smoke_and_mirrors
D:4:      layout_loops_ring, minitemple, minmay_temple_entry_waves,
          gup_sewer_entry_glass, chequers_mini_garden, serial_bayou_crossing,
          uniq_robin, uniq_natasha
D:5:      layout_loops_ring, nicolae_gozag_zags_fifth_avenue, serial_shops,
          nicolae_stop_n_shop_1
D:6:      layout_loops_ring, mainiacjoe_overflow_24_doors,
          mainiacjoe_overflow_alcove_2, gammafunk_ghost_hive,
          nicolae_ossuary_entry_plus, lightli_corner_chamber, uniq_eustachio,
          uniq_menkaure, uniq_sigmund
D:7:      layout_basic, kennysheep_little_box, mainiacjoe_overflow_chevrons,
          kennysheep_flooded_box, dreamdust_wishing_well, minmay_manual_mail
D:8:      layout_basic, nicolae_shop_vocational, uniq_maggie
D:9:      minmay_polygon_palace, layout_irregular_city, erik_orc_1,
          enter_bailey_3, grunt_decor_mini_mirrors, uniq_joseph
D:10:     layout_roguey, zin_purify, elyvilon_altar_5, david_lair_generic,
          hangedman_decor_riveting, uniq_psyche
D:11:     layout_irregular_city, uniq_grum
Temple:   hellmonk_temple_two_chambers
Lair:1:   layout_misc_corridors, lightli_volcano_entry_magma_tube,
          small_statue_intersection, evilmike_ambush
          [evilmike_ambush_outer_pillars, evilmike_ambush_inner_wall_2],
          grunt_megastairs_2, serial_bayou_shore_a
Volcano:  volcano_grotto [vgs_dualism]

Skill      XL: |  1  2  3  4  5  6  7  8  9 10 11 12 |
---------------+-------------------------------------+-----
Fighting       | 2 3 4 5 6 7 |  7.1
Dodging        | 3 4 5 7 8 11 | 11.8
Transmutations | 3 4 5 6 7 |  7.1
Unarmed Combat | 4 5 6 7 |  7.8
Spellcasting   | 3 4 5 6 |  6.6
Poison Magic   | 1 3 5 6 |  6.0
Ice Magic      | 3 5 7 |  7.0
Invocations    | 3 5 |  5.1
Shields        | 2 6 |  6.6
Long Blades    | 4 |  4.4
Translocations | 1 2 |  2.2

Action                   |  1- 3 |  4- 6 |  7- 9 | 10-12 | 13-15 || total
-------------------------+-------+-------+-------+-------+-------++-------
Melee: Unarmed           |    65 |   112 |   351 |   515 |    30 ||  1073
       Tentacles         |     9 |    28 |    76 |   125 |     9 ||   247
       Constrict         |    18 |    32 |    79 |    57 |       ||   186
       Punch             |     2 |     2 |    16 |    36 |     5 ||    61
       Kick              |    13 |    27 |   105 |   155 |    12 ||   312
       Scimitar          |       |       |       |     2 |       ||     2
 Fire: Sling             |       |       |     2 |       |       ||     2
Throw: Boomerang         |     2 |       |       |       |       ||     2
       Javelin           |       |     4 |     8 |       |       ||    12
 Cast: Beastly Appendage |    20 |    27 |    40 |    27 |     2 ||   116
       Wereblood         |    12 |    24 |    42 |    30 |     2 ||   110
       Spider Form       |       |       |     3 |     6 |       ||     9
       Ice Form          |       |       |       |     8 |       ||     8
       Olgreb's Toxic Ra |       |       |       |     3 |       ||     3
Invok: Potion Petition   |       |       |       |     1 |       ||     1
       Call Merchant     |       |       |       |     1 |       ||     1
 Abil: End Transformatio |       |       |       |     1 |       ||     1
Evoke: Wand              |       |       |       |    17 |       ||    17
  Use: Scroll            |       |     7 |    13 |    18 |       ||    38
       Potion            |       |     1 |     2 |    15 |     2 ||    20
 Stab: Sleeping          |     4 |     3 |     5 |       |       ||    12
       Paralysed         |       |       |       |    11 |       ||    11
       Invisible         |       |       |       |     2 |     2 ||     4
       Distracted        |       |       |       |     3 |       ||     3
Armor: Skin              |     8 |    20 |   100 |   206 |     2 ||   336
Dodge: Dodged            |    27 |    40 |   312 |   348 |    19 ||   746
Block: Kite shield       |       |       |       |    38 |    11 ||    49
